 Dungeon Crawl Stone Soup version 0.27.1-35-g4d5d836560 (webtiles) character file.

Game seed: 10181348757841701298

372 Froggeryz the Cudgeller (level 6, 0/67 HPs)
             Began as an Octopode Berserker on Nov 3, 2022.
             Was a Priest of Trog.
             Slain by a gnoll (7 damage)
             ... on level 4 of the Dungeon.
             The game lasted 00:02:05 (3848 turns).

Froggeryz the Cudgeller (Octopode Berserker)        Turns: 3848, Time: 00:02:06

Health: 0/67       AC:  1    Str: 16    XL:     6   Next: 71%
Magic:  6/6        EV: 13    Int: 10    God:    Trog [***...]
Gold:   191        SH:  0    Dex: 13    Spells: 5/5 levels left

rFire    . . .     SeeInvis .   a - +0 mace
rCold    . . .     Faith    .   (no shield)
rNeg     . . .     Spirit   .   (helmet restricted)
rPois    .         Reflect  .   (no amulet)
rElec    .         Harm     .   (no ring)
rCorr    .         Rampage  .   (no ring)
Will     .....                  (no ring)
Stlth    ..........             (no ring)
HPRegen  0.21/turn              (no ring)
MPRegen  0.10/turn              (no ring)
                                (no ring)
                                (no ring)

@: berserking (expiring), very quick
A: almost no armour, amphibious, 8 rings, camouflage 1, gelatinous body 1,
(nimble swimmer 1), tentacles
a: Renounce Religion, Berserk, Trog's Hand


You were on level 4 of the Dungeon.
You worshipped Trog.
Trog was most pleased with you.
You visited 1 branch of the dungeon, and saw 4 of its levels.

You collected 191 gold pieces.

Inventory:

Hand Weapons
 a - a +0 mace (weapon)
Missiles
 n - 7 boomerangs (quivered)
Wands
 k - a wand of flame (4)
Scrolls
 b - 3 scrolls of enchant weapon {unknown}
 c - 2 scrolls of identify {unknown}
 f - 5 scrolls of teleportation {unknown}
 g - a scroll of summoning {unknown}
 i - a scroll of enchant armour {unknown}
 l - a scroll of amnesia {unknown}
Potions
 d - a potion of haste {unknown}
 e - a potion of flight {unknown}
 h - a potion of invisibility {unknown}
 j - 3 potions of curing {unknown}
 m - a potion of mutation {unknown}
 o - 4 potions of lignification {unknown}
 p - a potion of degeneration {unknown}


   Skills:
 + Level 4.8 Fighting
 * Level 6.2 Maces & Flails
 - Level 3.0 Dodging


You had 5 spell levels left.
You didn't know any spells.
Your spell library was empty.

Dungeon Overview and Level Annotations

Branches:
Dungeon (4/15)
 Temple: D:4-7

Altars:
Okawaru
Vehumet


Innate Abilities, Weirdness & Mutations

You cannot wear most types of armour.
You are amphibious.
You can wear up to eight rings at the same time.
Your skin changes colour to match your surroundings (Stealth+).
Your rubbery body absorbs attacks. (AC +1, EV +1)
((You are camouflaged near water. (Stealth+)))
You have tentacles for arms and can constrict up to eight enemies at once.


Message History

Trog accepts your kill. The gnoll hits you with a +0 club.
The gnoll barely misses you.
You are too injured to fight recklessly!
You are too injured to fight recklessly!
You are too injured to fight recklessly!
You are too injured to fight recklessly!
You are too injured to fight recklessly!
You are too injured to fight recklessly!
You are too injured to fight recklessly!
You are too injured to fight recklessly!
You are too injured to fight recklessly!
You are too injured to fight recklessly!
You are too injured to fight recklessly!
A red film seems to cover your vision as you go berserk!
You feel yourself moving faster!
You feel mighty! The gnoll closely misses you.
You hit the gnoll but do no damage. You grab the gnoll.
You constrict the gnoll. The gnoll misses you.
The gnoll hits you from afar with a +0 spear.
You sock the gnoll!
The gnoll is almost dead.
You constrict the gnoll.
You kill the gnoll!
Trog accepts your kill. The gnoll hits you with a +0 club.
The gnoll hits you with a +0 spear! The gnoll barely misses you.
Things that are here:
a +0 whip; a gnoll corpse You closely miss the gnoll.
You grab the gnoll. You constrict the gnoll.
The gnoll hits you with a +0 spear!
* * * LOW HITPOINT WARNING * * *
You hit the gnoll. You grab the gnoll. You squeeze the gnoll!
The gnoll is severely wounded.
You constrict the gnoll. x2; The gnoll hits you with a +0 club!
* * * LOW HITPOINT WARNING * * *
The gnoll closely misses you.
You sock the gnoll!
You kill the gnoll!
Trog accepts your kill.
You constrict the gnoll. The gnoll hits you with a +0 club!
You die...

....# #.#.# ..#.#
###.## .....# ###..#
#.#..# ####### #.#..#
##..)g.##
.....#######....@..#
...#.........#+##)..#
##...........# ...#
###.........# ...# ##
#.........# ####
.######..##..#
..##....######
.....#### ...####.#


You could see a gnoll.

Vanquished Creatures
  Sigmund (D:3)
  An orc priest (D:3)
  2 hounds (D:4)
  3 gnolls (D:4)
  2 adders
  2 worms
  5 dart slugs
  3 orcs
  7 ball pythons
  7 bats
  8 endoplasms
  4 giant cockroaches
  3 goblins
  3 hobgoblins
  7 jackals
  4 quokkas
  A frilled lizard (D:3)
  11 kobolds
  5 rats
79 creatures vanquished.

Notes
Turn   | Place    | Note
-------+----------+-------------------------------------------
     0 | D:1      | Froggeryz the Octopode Berserker began the quest for the
                  | Orb.
     0 | D:1      | Reached XP level 1. HP: 16/16 MP: 1/1
   487 | D:1      | Reached XP level 2. HP: 16/21 MP: 2/2
  1212 | D:1      | Reached XP level 3. HP: 26/26 MP: 3/3
  1420 | D:2      | Found a radiant altar of Vehumet.
  1628 | D:2      | Reached skill level 4 in Maces & Flails
  1782 | D:2      | Reached ** piety under Trog
  1974 | D:2      | Reached XP level 4. HP: 28/32 MP: 4/4
  2117 | D:2      | You fall into a shaft and drop 1 floor!
  2632 | D:3      | Reached XP level 5. HP: 8/37 MP: 5/5
  2947 | D:3      | Reached skill level 5 in Maces & Flails
  3077 | D:3      | Noticed Sigmund
  3086 | D:3      | Killed Sigmund
  3087 | D:3      | Reached XP level 6. HP: 44/44 MP: 6/6
  3274 | D:4      | Reached *** piety under Trog
  3324 | D:4      | Reached skill level 6 in Maces & Flails
  3592 | D:4      | Found an iron altar of Okawaru.
  3848 | D:4      | Slain by a gnoll

Illustrated notes

Levels and vault maps discovered:
D:1:      dpeg_arrival_rooms_c, layout_loops_ring,
          chequers_serial_rivers_large_b, hangedman_decor_slide_cut
D:2:      layout_rooms, basic_altar
D:3:      layout_basic, uniq_sigmund
D:4:      minmay_chambers_of_twos, layout_rooms, nicolae_overflow_hidden_temple,
          minmay_misc_feat_roman

Skill      XL: |  1  2  3  4  5  6 |
---------------+-------------------+-----
Maces & Flails | 4 5 6 |  6.2
Fighting       | 4 |  4.8
Dodging        | |  3.0

Action                   |  1- 3 |  4- 6 || total
-------------------------+-------+-------++-------
Melee: Mace              |    77 |    83 ||   160
       Constrict         |    19 |    24 ||    43
       Tentacles         |     7 |    15 ||    22
Invok: Berserk           |       |     3 ||     3
       Trog's Hand       |       |     1 ||     1
 Stab: Sleeping          |     6 |     3 ||     9
       Distracted        |       |     1 ||     1
Armor: Skin              |     7 |     7 ||    14
Dodge: Dodged            |    41 |    51 ||    92
